[Event "Titled Tuesday Blitz August 17 2021"]
[White "Mekhitarian, Krikor Sevag"]
[Black "FGHSMN"]
[WhiteFideId "2107660"]
[WhiteElo "2598"]
[BlackElo "2592"]
[Result "1-0"]
[Round "07"]
[TimeControl "180+1"]
[Date "2021.08.17"]
[WhiteClock "0:00:05"]
[BlackClock "0:00:10"]

1. d4 Nf6 2. Nf3 e6 3. c4 c5 4. d5 exd5 5. cxd5 d6 6. Nc3 g6 7. Bf4 a6 8. a4 Bg7 9. e3 O-O 10. h3 Qe7 11. Be2 Nbd7 12. Nd2 Ne5 13. O-O Rb8 14. Bh2 Ne8 15. a5 Nc7 16. Re1 b5 17. axb6 Rxb6 18. Qc2 Nb5 19. Nxb5 axb5 20. b4 cxb4 21. Qb3 Bb7 22. Ra7 Qd8 23. e4 Qb8 24. Ra2 Rc8 25. Qxb4 Nd7 26. Ra3 Nc5 27. Rb1 Ba8 28. Bf4 Rb7 29. Be3 Na4 30. Bd4 Bxd4 31. Qxd4 Qc7 32. Bf1 Nc3 33. Rb2 b4 34. Rxb4 Rxb4 35. Qxb4 Bb7 36. Ra7 Rb8 37. Nc4 Nxe4 38. Na5 Nc5 39. Qb5 Qc8 40. Qc4 Ra8 41. Rxa8 Qxa8 42. Nxb7 Qxb7 43. Qd4 Qb6 44. g3 Qb1 45. Qe3 Qe4 46. Qxe4 Nxe4 47. Bg2 Nc3 48. f4 Kg7 49. Kf2 Kf6 50. Ke3 Nb5 51. Kd3 Na3 52. h4 h6 53. Bh3 g5 54. Bd7 gxf4 55. gxf4 Kg6 56. Kc3 Kh5 57. Kb3 Nb1 58. Kc2 Na3+ 59. Kb3 Nb1 60. Kc2 Kxh4 61. Kxb1 Kg3 62. f5 h5 63. f6 h4 64. Kc2 h3 65. Bf5 h2 66. Be4 Kf2 67. Kc3 Kg1 68. Kc4 Kf2 69. Kb5 Ke3 70. Bh1 Kd4 71. Kc6 Ke5 72. Bg2 Kxf6 73. Kxd6 Kg5 74. Ke5 f6+ 75. Ke4 Kg6 76. Kf4 Kf7 77. Kf5 Ke7 78. Bh1 Kf7 79. d6 Kf8 80. Kxf6 Ke8 81. Ke6 Kd8 82. Bc6 Kc8 83. Ke7 Kb8 84. Bh1 Ka7 85. d7 Ka6 86. d8=Q Ka7 87. Qc7+ Ka6 88. Bc6 h1=Q 89. Qb7+ Ka5 90. Qb5# 1-0


[Site "https://www.chess.com"]

[Event "Titled Tuesday Blitz August 17 2021"]
[White "Melikhov, Evgeny V."]
[Black "Papasimakopoulos, Alexandros"]
[WhiteFideId "4122046"]
[BlackFideId "4244125"]
[WhiteElo "1957"]
[BlackElo "2352"]
[Result "0-1"]
[Round "07"]
[TimeControl "180+1"]
[Date "2021.08.17"]
[WhiteClock "0:00:10"]
[BlackClock "0:00:31"]

1. d4 f5 2. e4 fxe4 3. Nc3 Nf6 4. Bg5 Nc6 5. f3 d5 6. fxe4 dxe4 7. Bb5 Bf5 8. Nge2 a6 9. Bxc6+ bxc6 10. O-O e6 11. Ng3 g6 12. Ngxe4 Be7 13. Nxf6+ Bxf6 14. Bxf6 Qxf6 15. Qd2 Qh4 16. Rf4 Qh5 17. h3 Rg8 18. Ne4 Bxe4 19. Rxe4 Kd7 20. Re5 Qh4 21. Rae1 Rae8 22. c4 Rgf8 23. R1e4 Qg3 24. Qe1 Qd3 25. d5 cxd5 26. cxd5 Rf6 27. dxe6+ Kc8 28. e7 Rd6 29. Re3 Qd1 30. Qxd1 Rxd1+ 31. Kh2 Kd7 32. R5e4 Rd2 33. a4 Rxb2 34. Rd4+ Kc8 35. Rde4 Rd2 36. Kg3 Kd7 37. Kf3 a5 38. g4 Ra2 39. Kf4 Rb2 40. Kg5 Rb4 41. Kh6 Rxe4 42. Rxe4 Rxe7 43. Rd4+ Kc6 44. Rc4+ Kd5 45. Rc1 c5 46. Rd1+ Kc4 47. Rc1+ Kb4 48. Rb1+ Kxa4 49. Rc1 Rc7 50. Rc4+ Kb3 51. Rc1 c4 0-1


[Site "https://www.chess.com"]

[Event "Titled Tuesday Blitz August 17 2021"]
[White "Mirzanurov, Bulat"]
[Black "Petrovskyi, Vadym"]
[WhiteFideId "4184521"]
[BlackFideId "14165210"]
[WhiteElo "2208"]
[BlackElo "2334"]
[Result "0-1"]
[Round "07"]
[TimeControl "180+1"]
[Date "2021.08.17"]
[WhiteClock "0:00:25"]
[BlackClock "0:01:10"]

1. e4 c5 2. Nf3 d6 3. d4 cxd4 4. Nxd4 Nf6 5. Nc3 a6 6. Bg5 e6 7. f4 h6 8. Bh4 Be7 9. Qf3 Nbd7 10. O-O-O Qc7 11. g4 g5 12. fxg5 Ne5 13. Qg3 Nfxg4 14. gxh6 Rxh6 15. Bxe7 Qxe7 16. h3 Nf6 17. Ncb5 axb5 18. Nxb5 Nxe4 19. Qg8+ Kd7 20. Bg2 Rg6 21. Qh8 Rxg2 22. Rhe1 Rxa2 23. b3 Rgxc2+ 24. Kb1 Rcb2+ 25. Kc1 Qg5+ 26. Re3 Qxe3+ 27. Rd2 Nd3+ 28. Kd1 Rxd2# 0-1


[Site "https://www.chess.com"]

[Event "Titled Tuesday Blitz August 17 2021"]
[White "Mogirzan, Matei-Valeriu"]
[Black "Barp, Alberto"]
[WhiteFideId "1257455"]
[BlackFideId "872555"]
[WhiteElo "1733"]
[BlackElo "2229"]
[Result "0-1"]
[Round "07"]
[TimeControl "180+1"]
[Date "2021.08.17"]
[WhiteClock "0:00:01"]
[BlackClock "0:00:27"]

1. e4 c5 2. Nf3 a6 3. d4 cxd4 4. Nxd4 Nf6 5. Nc3 e5 6. Nb3 Bb4 7. Bg5 Qc7 8. Bd3 Bxc3+ 9. bxc3 Qxc3+ 10. Bd2 Qc7 11. O-O d6 12. f4 Nc6 13. Bc3 O-O 14. fxe5 Nxe5 15. Bxe5 dxe5 16. Rxf6 gxf6 17. Qh5 Kh8 18. Rf1 Qe7 19. Nd2 Rg8 20. Nc4 Be6 21. Ne3 Rg5 22. Qh4 Rag8 23. g3 Qc5 24. Kf2 f5 25. Ke2 fxe4 26. Qxe4 f5 27. Nxf5 Rg4 28. Qe3 Qc7 29. Nh6 e4 30. Qd4+ Qg7 31. Qxg7+ Kxg7 0-1


[Site "https://www.chess.com"]

[Event "Titled Tuesday Blitz August 17 2021"]
[White "Moskalenko, Alexander"]
[Black "Shimanov, Aleksandr"]
[WhiteFideId "4155351"]
[BlackFideId "4198603"]
[WhiteElo "2495"]
[BlackElo "2596"]
[Result "0-1"]
[Round "07"]
[TimeControl "180+1"]
[Date "2021.08.17"]
[WhiteClock "0:00:03"]
[BlackClock "0:00:07"]

1. d4 d5 2. c4 c6 3. Nf3 Nf6 4. Qc2 dxc4 5. Qxc4 Bf5 6. g3 e6 7. Bg2 Be7 8. O-O O-O 9. e3 Nbd7 10. Rd1 Rc8 11. Nc3 Ne4 12. Nd2 Nb6 13. Qe2 Nxc3 14. bxc3 Na4 15. Qc4 Bc2 16. Re1 b5 17. Qf1 Nxc3 18. Nb3 c5 19. Bd2 b4 20. Rec1 Bxb3 21. axb3 cxd4 22. exd4 Qxd4 23. Be3 Qe5 24. Bb7 Rc7 25. Bf3 Bg5 26. Bxg5 Qxg5 27. Kg2 a5 28. Qa6 Rc5 29. h4 Qd8 30. Re1 h5 31. Re3 g6 32. Rd3 Qc7 33. Rd6 Rc8 34. Rb6 Qe5 35. Rxa5 Rd8 36. Rxc5 Qxc5 37. Rc6 Qd4 38. Rc4 Qf6 39. Rxb4 Kg7 40. Rf4 Qe7 41. Qc4 Nd5 42. Bxd5 Rxd5 43. Rf3 Qb7 44. b4 Rf5 45. Qc3+ Kg8 46. Qd3 Qc6 47. Qe3 Qb7 48. Qc3 Qd5 49. Qd3 Qb7 50. Qd8+ Kg7 51. Qd4+ Kg8 52. Qc3 Qd5 53. Qc8+ Kg7 54. Qc3+ Kh7 55. Qd3 Qb7 56. Qc3 e5 57. Qe3 Qd5 58. Qd3 Qb7 59. Qb3 Kg7 60. Qc3 Qd5 61. Qb3 Qb7 62. b5 Qe4 63. b6 Qb7 64. Qe3 Rf6 65. Qb3 Qxb6 66. Qxb6 Rxb6 67. Re3 Re6 68. Ra3 Kf6 69. Ra2 Kf5 70. Re2 f6 71. Re3 Rd6 72. Rf3+ Ke6 73. Re3 Rd4 74. Ra3 Kf5 75. Ra6 Rc4 76. Kf3 Rc8 77. Ke3 Rc3+ 78. Ke2 Rc8 79. Ke3 Re8 80. Kf3 Re6 81. Ra5 Rc6 82. Ra3 Rd6 83. Ke3 Kg4 84. Ra8 f5 85. Re8 f4+ 0-1


[Site "https://www.chess.com"]

[Event "Titled Tuesday Blitz August 17 2021"]
[White "Murzin, Volodar"]
[Black "Bok, Benjamin"]
[WhiteFideId "44155573"]
[BlackFideId "1017063"]
[WhiteElo "2541"]
[BlackElo "2658"]
[Result "0-1"]
[Round "07"]
[TimeControl "180+1"]
[Date "2021.08.17"]
[WhiteClock "0:00:03"]
[BlackClock "0:00:15"]

1. e4 c5 2. Nf3 d6 3. Bb5+ Nd7 4. O-O Nf6 5. Re1 a6 6. Bf1 b6 7. d4 cxd4 8. Nxd4 Bb7 9. c4 Nxe4 10. Bd3 Nef6 11. Nf5 Ne5 12. Bc2 g6 13. Ba4+ b5 14. cxb5 gxf5 15. bxa6+ Bc6 16. Rxe5 Bxa4 17. Qxa4+ Qd7 18. Qxd7+ Kxd7 19. Rxf5 Rxa6 20. Nc3 Bg7 21. Bg5 Rb8 22. Re1 Rxb2 23. Bxf6 Bxf6 24. Nd5 Be5 25. f4 Ke6 26. Rh5 Raxa2 27. fxe5 Rxg2+ 28. Kh1 Kxd5 29. e6+ Kc6 30. exf7 Rgf2 31. Rxh7 e5 32. Kg1 Rf6 33. Rf1 Rxf1+ 34. Kxf1 Ra8 35. Rg7 Rf8 36. h4 Kd5 37. h5 Ke6 38. Rg6+ Kxf7 39. Ke2 Rd8 40. h6 Kxg6 0-1


[Site "https://www.chess.com"]

[Event "Titled Tuesday Blitz August 17 2021"]
[White "Nesterov, Arseniy"]
[Black "Dahanayake, Isara Banidu"]
[WhiteFideId "24198455"]
[BlackFideId "9932631"]
[WhiteElo "2477"]
[BlackElo "1394"]
[Result "1-0"]
[Round "07"]
[TimeControl "180+1"]
[Date "2021.08.17"]
[WhiteClock "0:00:05"]
[BlackClock "0:00:02"]

1. d4 Nf6 2. c4 g6 3. Nc3 Bg7 4. e4 d6 5. Be2 O-O 6. Be3 e5 7. d5 a5 8. g4 Na6 9. h4 Nd7 10. h5 Ndc5 11. Qd2 f5 12. hxg6 hxg6 13. gxf5 gxf5 14. f3 f4 15. Bxc5 Nxc5 16. O-O-O a4 17. Bf1 a3 18. b3 Bf5 19. Bh3 Bxh3 20. Nxh3 Rf6 21. Rdg1 Rh6 22. Qg2 Qf6 23. Nf2 Rxh1 24. Rxh1 Kf7 25. Kc2 Rh8 26. Ng4 Qg6 27. b4 Na6 28. Kb3 c6 29. Kxa3 c5 30. b5 Nb4 31. Kb3 Ra8 32. a3 Nd3 33. Rd1 Nb4 34. axb4 cxb4 35. Kxb4 Qg5 36. Kb3 Qd8 37. Rd2 Ra1 38. Ra2 Rc1 39. Qf2 Qc8 40. Ra4 Rh1 41. Kb2 Bf6 42. Qg2 Qh8 43. Ra7 Be7 44. Rxb7 Qh4 45. Qe2 Rg1 46. c5 Qg3 47. cxd6 Rg2 48. Rxe7+ Kf8 49. Rxe5 Rxe2+ 50. Nxe2 Qxf3 51. Rf5+ Kg8 52. Nf6+ Kg7 53. Nxf4 Qxe4 54. Nxe4 Kg8 55. d7 Kg7 56. d8=Q 1-0


[Site "https://www.chess.com"]

[Event "Titled Tuesday Blitz August 17 2021"]
[White "Nilsen, Tobias Lang"]
[Black "Zainullina, Nataliya"]
[WhiteFideId "1521624"]
[BlackFideId "4145488"]
[WhiteElo "1975"]
[BlackElo "2108"]
[Result "0-1"]
[Round "07"]
[TimeControl "180+1"]
[Date "2021.08.18"]
[WhiteClock "0:00:21"]
[BlackClock "0:00:13"]

1. e4 c5 2. Nf3 d6 3. d4 cxd4 4. Qxd4 Nc6 5. Bb5 Nf6 6. Nc3 e6 7. Bg5 Be7 8. O-O-O O-O 9. Qd3 a6 10. Bxc6 bxc6 11. Nd4 Qc7 12. f4 Ng4 13. Bxe7 Qxe7 14. Nxc6 Qb7 15. Qxd6 Nf2 16. Ne7+ Kh8 17. Ng6+ hxg6 18. Qxf8+ Kh7 19. Rd8 g5 20. f5 exf5 21. exf5 Bxf5 22. Rxa8 Nxh1 23. Rb8 Qxg2 24. Qh8+ Kg6 25. Rb6+ Be6 26. Qd8 Qf1+ 27. Nd1 Nf2 28. Qd2 Nxd1 29. Qxd1 Qg2 30. Rxa6 Qxh2 31. Qd3+ Kh6 32. b3 Qh1+ 33. Kb2 Qe1 34. Ra8 Qe5+ 35. Qc3 Qd5 36. Rh8+ Kg6 37. Qd3+ Qxd3 38. cxd3 g4 39. Rh1 Kg5 40. Kc3 g3 41. Kd2 Kg4 42. Ke3 g2 43. Rg1 Kg3 44. d4 Bd5 45. b4 g5 46. a4 g4 47. a5 Kh2 48. Rxg2+ Bxg2 49. b5 Ba8 50. b6 g3 51. a6 g2 52. b7 g1=Q+ 53. Kd3 Bxb7 54. axb7 Qb1+ 55. Ke3 Qxb7 56. Kf4 Qd5 57. Ke3 Kg3 58. Kd3 Qf3+ 59. Kc4 Qc6+ 60. Kd3 Qd5 61. Ke3 f5 62. Kd3 f4 63. Kc3 f3 64. Kb4 f2 65. Kc3 f1=Q 66. Kc2 Qfc4+ 67. Kb2 Qdxd4+ 68. Kb1 Qdd3+ 69. Kb2 Qcc2+ 70. Ka1 Qdd1# 0-1


[Site "https://www.chess.com"]

[Event "Titled Tuesday Blitz August 17 2021"]
[White "Ozen, Bahadir"]
[Black "Gerzhoy, Leonid"]
[WhiteFideId "6337058"]
[BlackFideId "2806126"]
[WhiteElo "2503"]
[BlackElo "2544"]
[Result "1-0"]
[Round "07"]
[TimeControl "180+1"]
[Date "2021.08.17"]
[WhiteClock "0:00:31"]
[BlackClock "0:00:05"]

1. Nf3 Nf6 2. b3 d5 3. e3 Bg4 4. Bb2 Nbd7 5. h3 Bh5 6. g4 Bg6 7. d3 e6 8. Nh4 Bd6 9. Nd2 Qe7 10. a3 O-O-O 11. Bg2 c6 12. Qe2 e5 13. c4 dxc4 14. Nxc4 Bc7 15. Nxg6 hxg6 16. b4 Nb6 17. Qc2 Nxc4 18. Qxc4 Nd5 19. b5 Nb6 20. Qb3 c5 21. Rc1 f5 22. a4 fxg4 23. a5 Nd7 24. a6 Nb6 25. Bxb7+ Kb8 26. hxg4 Rxh1+ 27. Bxh1 Qh4 28. Be4 Qxg4 29. Qf7 Qg1+ 30. Ke2 Qg4+ 31. Ke1 Qg1+ 32. Kd2 Qh2 33. Rxc5 Rc8 34. Bxe5 Nc4+ 35. Qxc4 1-0


[Site "https://www.chess.com"]

[Event "Titled Tuesday Blitz August 17 2021"]
[White "Pavlov, Danila"]
[Black "Volkov, Maksim"]
[WhiteFideId "34126594"]
[BlackFideId "54123070"]
[WhiteElo "2323"]
[BlackElo "2113"]
[Result "0-1"]
[Round "07"]
[TimeControl "180+1"]
[Date "2021.08.17"]
[WhiteClock "0:00:51"]
[BlackClock "0:01:20"]

1. e4 c5 2. Nf3 e6 3. d4 cxd4 4. Nxd4 Nc6 5. Nc3 Qc7 6. g3 d6 7. Bg2 Bd7 8. O-O a6 9. Be3 Rc8 10. Nb3 h5 11. f4 h4 12. g4 Be7 13. h3 Nf6 14. Kh1 b5 15. a3 Na5 16. Nxa5 Qxa5 17. Qd3 Bc6 18. Rfd1 Qc7 19. Bd4 e5 20. Be3 Bb7 21. g5 Nh5 22. fxe5 dxe5 23. Nd5 Bxd5 24. exd5 Bd6 25. c3 Ng3+ 26. Kg1 Qe7 27. a4 O-O 28. axb5 axb5 29. Ra7 Qe8 30. Rb7 b4 31. cxb4 e4 32. Qd4 Ne2+ 33. Kh1 Nxd4 34. Bxd4 Qa4 35. Rf1 Qc2 36. Bc3 Qd3 37. g6 Qg3 38. gxf7+ Rxf7 39. Kg1 Rxb7 0-1


[Site "https://www.chess.com"]

[Event "Titled Tuesday Blitz August 17 2021"]
[White "Pichot, Alan"]
[Black "Dev, Shah"]
[WhiteFideId "110973"]
[BlackFideId "35019058"]
[WhiteElo "2622"]
[BlackElo "2098"]
[Result "1/2-1/2"]
[Round "07"]
[TimeControl "180+1"]
[Date "2021.08.17"]
[WhiteClock "0:00:13"]
[BlackClock "0:00:11"]

1. e4 e5 2. Nf3 Nc6 3. Bc4 Bc5 4. c3 Nf6 5. d4 exd4 6. e5 d5 7. Bb5 Ne4 8. cxd4 Bb6 9. Nc3 O-O 10. Be3 f5 11. exf6 Nxf6 12. Bxc6 bxc6 13. Ne5 Qd6 14. O-O c5 15. dxc5 Bxc5 16. Bxc5 Qxc5 17. Rc1 Ba6 18. Ne4 Qa5 19. Rc5 Qxa2 20. Nxf6+ Rxf6 21. Re1 Rd8 22. Nc6 Rdf8 23. f3 Qxb2 24. Qxd5+ Kh8 25. Ne5 Bb7 26. Qc4 h6 27. Rxc7 Ba6 28. Qc5 Qb6 29. Qxb6 axb6 30. Ra7 Bc8 31. Rb1 Re6 32. Nc4 Rc6 33. Nxb6 Be6 34. Rb2 Rb8 35. Ra8 Rxa8 36. Nxa8 Kh7 37. Nb6 h5 38. Kf2 Kh6 39. h4 g6 40. Kg3 Rd6 41. Rb4 Rd2 42. Na4 Bf5 43. Nc5 Rc2 44. Ne4 Bxe4 45. Rxe4 Rd2 46. Re8 Rd7 47. Re4 Rf7 48. Ra4 Rf6 49. Ra5 Re6 50. Kf4 Re2 51. g3 Rb2 52. Ra4 Rb5 53. Re4 Rf5+ 54. Ke3 Rb5 55. Kf2 Rb2+ 56. Re2 Rb3 57. Kg2 Rc3 58. Rf2 Rb3 59. Kh3 Rc3 60. g4 hxg4+ 61. Kxg4 Rc4+ 62. f4 Rc1 63. Re2 Rg1+ 64. Kf3 Rh1 65. Re8 Kg7 66. Kg3 Rg1+ 67. Kf3 Rh1 68. Re7+ Kh6 69. Kg3 Rg1+ 70. Kh3 Rh1+ 71. Kg4 Rg1+ 72. Kf3 Rh1 73. Re6 Rxh4 74. f5 Kg7 75. Rxg6+ Kf7 76. Ra6 Rb4 77. Ke3 Rc4 78. Kf3 Rb4 79. Re6 Rc4 80. Re4 Rxe4 81. Kxe4 Kf6 82. Kf4 Kf7 83. Ke5 Ke7 84. f6+ Kf7 85. Kf5 Kf8 86. Kg6 Kg8 87. f7+ Kf8 88. Kf6 1/2-1/2


[Site "https://www.chess.com"]

[Event "Titled Tuesday Blitz August 17 2021"]
[White "Plotnikov, Pavel"]
[Black "Atabayev, Maksat"]
[WhiteFideId "4170342"]
[BlackFideId "14001101"]
[WhiteElo "2298"]
[BlackElo "2457"]
[Result "1-0"]
[Round "07"]
[TimeControl "180+1"]
[Date "2021.08.17"]
[WhiteClock "0:01:56"]
[BlackClock "0:01:27"]

1. e4 c5 2. Nf3 a6 3. c3 e6 4. d4 d5 5. e5 Bd7 6. Be2 Bb5 7. Bxb5+ axb5 8. dxc5 Bxc5 9. O-O Nc6 10. Bf4 Nge7 11. Qd3 b4 12. c4 h6 13. Be3 dxc4 14. Qxd8+ Rxd8 15. Bxc5 Nd5 16. Nbd2 b5 17. Ne4 Rb8 18. Nd6+ Kd7 19. Nxf7 Rhf8 20. Bxf8 Rxf8 21. Nd6 Rxf3 22. gxf3 Nxe5 23. Nxb5 Nxf3+ 24. Kg2 Nh4+ 25. Kh1 e5 26. Rac1 1-0


[Site "https://www.chess.com"]

[Event "Titled Tuesday Blitz August 17 2021"]
[White "Poormosavi, Seyed Kian"]
[Black "Obregon, Andres Carlos"]
[WhiteFideId "12585807"]
[BlackFideId "111724"]
[WhiteElo "2134"]
[BlackElo "2572"]
[Result "0-1"]
[Round "07"]
[TimeControl "180+1"]
[Date "2021.08.17"]
[WhiteClock "0:02:13"]
[BlackClock "0:02:45"]

1. e4 d6 2. d4 g6 3. Bd3 Bg7 4. c3 Nf6 5. h4 e5 6. Nf3 Bg4 7. Nbd2 exd4 8. Qb3 dxc3 9. bxc3 Nbd7 10. Qxb7 Nc5 11. Bb5+ Kf8 0-1


[Site "https://www.chess.com"]

[Event "Titled Tuesday Blitz August 17 2021"]
[White "Potapova, Margarita"]
[Black "Rodchenkov, Sergey D."]
[WhiteFideId "14126869"]
[BlackFideId "4168712"]
[WhiteElo "2214"]
[BlackElo "2306"]
[Result "1-0"]
[Round "07"]
[TimeControl "180+1"]
[Date "2021.08.17"]
[WhiteClock "0:00:04"]
[BlackClock "0:00:14"]

1. c4 e5 2. g3 Nf6 3. Bg2 Bb4 4. a3 Be7 5. Nf3 d6 6. d4 exd4 7. Nxd4 O-O 8. O-O Nbd7 9. b4 Ne5 10. Qc2 Bg4 11. Bb2 Qd7 12. f4 Ng6 13. f5 Ne5 14. h3 Bh5 15. g4 Bxg4 16. hxg4 Nfxg4 17. Nd2 Bg5 18. N2f3 Be3+ 19. Kh1 Qe7 20. Qe4 Nf2+ 21. Rxf2 Bxf2 22. Rf1 Bxd4 23. Qxd4 Rfe8 24. Nxe5 dxe5 25. Qg4 f6 26. Bd5+ Kh8 27. Kg2 c6 28. Be6 g5 29. Rh1 Qg7 30. Bc1 Red8 31. Rh5 Rd4 32. Qh3 g4 33. Qh4 g3 34. Qh3 Re8 35. Bg5 Re7 36. Bh6 Qg4 37. Qxg4 Rxg4 38. Bf8 Re8 39. Bc5 Rd8 40. Be7 Re8 41. Bxf6+ Rg7 42. Rg5 Re7 43. Bxe7 Rxe7 44. Rg8# 1-0


[Site "https://www.chess.com"]

[Event "Titled Tuesday Blitz August 17 2021"]
[White "Pourkashiyan, Atousa"]
[Black "Dronavalli, Harika"]
[WhiteFideId "12502014"]
[BlackFideId "5015197"]
[WhiteElo "2285"]
[BlackElo "2422"]
[Result "0-1"]
[Round "07"]
[TimeControl "180+1"]
[Date "2021.08.17"]
[WhiteClock "0:00:49"]
[BlackClock "0:01:22"]

1. e4 c5 2. Nf3 g6 3. d4 cxd4 4. Nxd4 Bg7 5. Be3 Nc6 6. c4 Nf6 7. Nc3 O-O 8. Be2 d6 9. O-O Bd7 10. Qd2 Nxd4 11. Bxd4 a5 12. b3 Bc6 13. f3 Nd7 14. Be3 Qc7 15. Rac1 Rfc8 16. Rfd1 Qd8 17. Bf1 h5 18. a3 Kh7 19. b4 axb4 20. axb4 Ne5 21. b5 Bd7 22. Nd5 Ra3 23. Bg5 f6 24. Bh4 Be6 25. Qb2 Rca8 26. Ra1 Rxa1 27. Rxa1 Bxd5 28. cxd5 f5 29. Rxa8 Qxa8 30. Qf2 fxe4 31. fxe4 Ng4 32. Qb6 Qa1 33. Bf2 Nxf2 34. Qxf2 Bd4 0-1


[Site "https://www.chess.com"]

[Event "Titled Tuesday Blitz August 17 2021"]
[White "Preotu, Razvan"]
[Black "Taichman, Ori"]
[WhiteFideId "2613280"]
[BlackFideId "2804069"]
[WhiteElo "2407"]
[BlackElo "2227"]
[Result "1-0"]
[Round "07"]
[TimeControl "180+1"]
[Date "2021.08.17"]
[WhiteClock "0:00:05"]
[BlackClock "0:00:11"]

1. e4 c5 2. Nf3 Nc6 3. Bb5 d6 4. O-O Bd7 5. Re1 Nf6 6. c3 a6 7. Bf1 Bg4 8. h3 Bxf3 9. Qxf3 g6 10. d3 Bg7 11. Be3 Nd7 12. Qd1 Qb6 13. Qd2 O-O 14. Na3 Rab8 15. Nc4 Qc7 16. d4 b5 17. Na3 e5 18. dxc5 Nxc5 19. Qc2 f5 20. exf5 gxf5 21. Rad1 Rbd8 22. b4 Ne6 23. Qb3 Qf7 24. Bb6 Rd7 25. Nc2 f4 26. c4 Rb8 27. cxb5 axb5 28. Ba5 Nxa5 29. bxa5 Nc5 30. Qxf7+ Kxf7 31. Nb4 Ke6 32. Be2 d5 33. Bg4+ Ke7 34. Nc6+ Kd6 35. Nxb8 Rc7 36. a6 e4 37. Bf5 Bc3 38. Rxe4 Nxe4 39. Bxe4 d4 40. Nc6 Rxc6 41. Bxc6 Kxc6 42. Kf1 Kb6 43. Ke2 Kxa6 44. Kd3 Ka5 45. Rb1 Ka4 46. Rb3 b4 47. g4 fxg3 48. fxg3 Kb5 49. g4 Kc5 50. h4 Be1 51. h5 Bh4 52. Rb1 Bf6 53. Rf1 Bg7 54. Rf7 Be5 55. Rf5 Kd5 56. g5 Ke6 57. Rf1 Bg7 58. g6 hxg6 59. hxg6 Ke5 60. Rf7 Bf6 61. g7 1-0


[Site "https://www.chess.com"]

[Event "Titled Tuesday Blitz August 17 2021"]
[White "Prraneeth Vuppala"]
[Black "Rodriguez Hernandez, Luis Daniel"]
[WhiteFideId "46622373"]
[BlackFideId "3506770"]
[WhiteElo "1759"]
[BlackElo "2133"]
[Result "0-1"]
[Round "07"]
[TimeControl "180+1"]
[Date "2021.08.17"]
[WhiteClock "0:00:06"]
[BlackClock "0:01:37"]

1. d4 Nf6 2. c4 g6 3. Nc3 Bg7 4. e4 O-O 5. Be3 d6 6. h3 Na6 7. Nf3 c5 8. d5 e6 9. Be2 exd5 10. cxd5 Nc7 11. Nd2 Re8 12. a4 b6 13. O-O a6 14. Qc2 Rb8 15. f4 Ncxd5 16. Nxd5 Nxd5 17. Nc4 Nxe3 18. Nxe3 Bd4 19. Ra3 Bb7 20. Bf3 Qe7 21. Kh1 Bxe4 22. Qd2 Bxf3 23. Rxf3 Qe4 24. f5 Qb1+ 25. Kh2 Qxb2 26. Qxb2 Bxb2 27. Rb3 Be5+ 28. g3 b5 29. axb5 axb5 30. Nd5 c4 31. Ra3 Ra8 32. Rxa8 Rxa8 33. fxg6 Ra2+ 34. Kh1 hxg6 35. h4 c3 36. Nxc3 Ra3 0-1


[Site "https://www.chess.com"]

[Event "Titled Tuesday Blitz August 17 2021"]
[White "Quparadze, Giga"]
[Black "Timmermans, Mark"]
[WhiteFideId "13602250"]
[BlackFideId "1026399"]
[WhiteElo "2658"]
[BlackElo "2460"]
[Result "1/2-1/2"]
[Round "07"]
[TimeControl "180+1"]
[Date "2021.08.17"]
[WhiteClock "0:00:10"]
[BlackClock "0:00:22"]

1. e4 e5 2. Nf3 Nc6 3. Bb5 f5 4. d3 fxe4 5. dxe4 Nf6 6. Nc3 Bb4 7. O-O Bxc3 8. bxc3 d6 9. Bg5 O-O 10. Nd2 Qe8 11. Rb1 Qg6 12. Bc4+ Kh8 13. Bxf6 Rxf6 14. f3 Rb8 15. Qe2 Bd7 16. Bb5 a6 17. Bd3 Rff8 18. Nc4 h5 19. Ne3 Qg5 20. Kh1 Ne7 21. g3 Ng6 22. Rf2 Be6 23. Rg1 Qh6 24. Nf5 Bxf5 25. exf5 Ne7 26. g4 Nd5 27. g5 Qh7 28. f6 g6 29. f4 Nxf4 30. Rxf4 exf4 31. Qe4 Rg8 32. Qxf4 Qf7 33. Qd4 d5 34. Re1 Rbe8 35. Rf1 b6 36. c4 Rd8 37. cxd5 Qxd5+ 38. Qxd5 Rxd5 39. Rg1 b5 40. a4 bxa4 41. Bc4 Ra5 42. h4 a3 43. Bxg8 Kxg8 44. Kg2 a2 45. Ra1 Ra4 46. Kg3 Kf7 47. Kf3 a5 48. Ke3 Rxh4 49. Rxa2 a4 50. Rb2 a3 51. Rb7 Rg4 52. Rxc7+ Kf8 53. Rc8+ Kf7 54. Rc7+ Kf8 55. Rc5 a2 56. Ra5 Rxg5 57. Rxa2 Kf7 58. Ra6 Rf5 59. c4 Rxf6 60. Ra7+ Kg8 61. c5 h4 62. Kd4 h3 63. Ra3 Rf4+ 64. Kd5 Rh4 65. Ra1 h2 66. Rh1 g5 67. c6 Rh7 68. Kd6 g4 69. c7 Rxc7 70. Rxh2 Rc4 71. Ke5 Kf7 72. Kf5 g3 73. Rg2 Rc3 74. Kg4 Kf6 75. Rxg3 Rxg3+ 76. Kxg3 1/2-1/2


[Site "https://www.chess.com"]

[Event "Titled Tuesday Blitz August 17 2021"]
[White "Rakhmanov, Aleksandr"]
[Black "Tari, Aryan"]
[WhiteFideId "4173708"]
[BlackFideId "1510045"]
[WhiteElo "2498"]
[BlackElo "2656"]
[Result "1-0"]
[Round "07"]
[TimeControl "180+1"]
[Date "2021.08.17"]
[WhiteClock "0:00:22"]
[BlackClock "0:00:01"]

1. c4 g6 2. Nc3 c5 3. g3 Nc6 4. Bg2 Bg7 5. d3 d6 6. e3 e5 7. Nge2 Nge7 8. b3 O-O 9. Bb2 Be6 10. Nd5 Qd7 11. Qd2 Bh3 12. O-O Bxg2 13. Kxg2 f5 14. f4 b5 15. Ndc3 b4 16. Nd5 Qb7 17. Kg1 a5 18. d4 a4 19. Nxe7+ Nxe7 20. Rad1 axb3 21. axb3 e4 22. Ra1 Nc6 23. dxc5 Bxb2 24. Qxb2 dxc5 25. Rxa8 Rxa8 26. Qf6 Rd8 27. g4 Rd2 28. Ng3 Nd4 29. exd4 e3 30. d5 fxg4 31. f5 e2 32. Re1 Qf7 33. Qxf7+ Kxf7 34. fxg6+ Kxg6 35. Rxe2 Rd3 36. Rb2 h5 37. Ne4 h4 38. Nxc5 Rd1+ 39. Kf2 Kf5 40. Re2 Rh1 41. Ke3 g3 42. hxg3 hxg3 43. Ne4 Kg4 44. Rg2 Re1+ 45. Kd4 Kf4 46. Nxg3 1-0


[Site "https://www.chess.com"]

[Event "Titled Tuesday Blitz August 17 2021"]
[White "Rastbod, Ali"]
[Black "Khabinets, Ivan"]
[WhiteFideId "12567477"]
[BlackFideId "14115980"]
[WhiteElo "2226"]
[BlackElo "2114"]
[Result "1-0"]
[Round "07"]
[TimeControl "180+1"]
[Date "2021.08.17"]
[WhiteClock "0:00:55"]
[BlackClock "0:00:34"]

1. c4 e5 2. Nc3 Nf6 3. Nf3 Nc6 4. e4 Bc5 5. Nxe5 Nxe5 6. d4 Bd6 7. c5 Bxc5 8. dxe5 Ng8 9. Qg4 g6 10. Qg3 Ne7 11. Bh6 d6 12. O-O-O Be6 13. Bb5+ c6 14. Ba4 Nc8 15. exd6 Nb6 16. Qe5 Rg8 17. Qxc5 Qh4 18. Be3 O-O-O 19. Bxc6 bxc6 20. Qxc6+ Kb8 21. Bxb6 axb6 22. Qxb6+ Ka8 23. Rd4 Qf4+ 24. Kb1 Bd7 25. Rd5 1-0


[Site "https://www.chess.com"]

[Event "Titled Tuesday Blitz August 17 2021"]
[White "Rodchenkov, Vitaly"]
[Black "D`Costa, Lorin"]
[WhiteFideId "4152964"]
[BlackFideId "409219"]
[WhiteElo "2337"]
[BlackElo "2287"]
[Result "1-0"]
[Round "07"]
[TimeControl "180+1"]
[Date "2021.08.17"]
[WhiteClock "0:00:54"]
[BlackClock "0:00:01"]

1. e4 e6 2. d4 d5 3. Nd2 dxe4 4. Nxe4 Bd7 5. Nf3 Bc6 6. Bd3 Nd7 7. Qe2 Ngf6 8. Nxf6+ Nxf6 9. Bg5 Be7 10. O-O-O Bxf3 11. Qxf3 c6 12. Bc4 Qa5 13. h4 Rd8 14. Bb3 Nd5 15. Bd2 Qb6 16. c4 Nf6 17. Bc3 Bb4 18. Bxb4 Qxb4 19. g4 a5 20. g5 Nd7 21. a3 Qe7 22. Bc2 Nb6 23. Qc3 O-O 24. f4 a4 25. h5 f5 26. Rhe1 Qd6 27. Re5 Nd7 28. c5 Qe7 29. Re3 b6 30. Rde1 Qf7 31. h6 bxc5 32. dxc5 1-0


[Site "https://www.chess.com"]